 Dungeon Crawl Stone Soup version 0.29-a0-1039-gfc20370e89 (webtiles) character file.

Game seed: 9700393834610736988

20 PentaManta the Ruffian (level 2, -1/26 HPs)
             Began as a Ghoul Monk on Aug 15, 2022.
             Slain by a hobgoblin (4 damage)
             ... on level 1 of the Dungeon.
             The game lasted 00:00:38 (568 turns).

PentaManta the Ruffian (Ghoul Monk)                  Turns: 568, Time: 00:00:38

Health: -1/26      AC:  2    Str: 14    XL:     2   Next: 79%
Magic:  1/1        EV: 12    Int:  5    God:
Gold:   16         SH:  0    Dex: 11    Spells: 1/1 levels left

rFire   . . .      SeeInvis .     - Unarmed
rCold   + . .      Faith    .   (no shield)
rNeg    + + +      Spirit   .   a - +0 robe
rPois   ∞          Reflect  .   (no helmet)
rElec   .          Harm     .   (no cloak)
rCorr   .          Rampage  .   (no gloves)
Will    .....                   (no boots)
Stlth   ++........              (no amulet)
HPRegen 0.00/turn               (no ring)
MPRegen 0.07/turn               (no ring)

@: inhibited regen
A: claws 1, cold resistance 1, negative energy resistance 3, inhibited
regeneration, torment resistance 2, devour on kill
a: no special abilities


You were on level 1 of the Dungeon.
You visited 1 branch of the dungeon, and saw 1 of its levels.

You collected 16 gold pieces.

Inventory:

Armour
 a - a +0 robe (worn)
Scrolls
 d - 2 scrolls of silence {unknown}
 e - a scroll of enchant armour {unknown}
Potions
 b - a potion of ambrosia
 c - a potion of degeneration {unknown}
 f - a potion of flight {unknown}
 g - a potion of lignification {unknown}


   Skills:
 - Level 3.2 Fighting
 - Level 2.6 Dodging
 - Level 2.1 Stealth
 + Level 4.4 Unarmed Combat


You had one spell level left.
You didn't know any spells.
Your spell library was empty.

Dungeon Overview and Level Annotations

Branches:
Dungeon (1/15)

Altars:


Innate Abilities, Weirdness & Mutations

You are immune to poison.
You have sharp fingernails.
Your flesh is cold resistant. (rC+)
You are immune to negative energy. (rN+++)
You do not regenerate when monsters are visible.
You are immune to unholy pain and torment.
You thrive by killing the living.


Message History

A bat comes into view.
A hobgoblin comes into view.
The goblin closely misses you. The hobgoblin misses you.
You closely miss the hobgoblin. The goblin barely misses you.
The hobgoblin hits you.
You scratch the hobgoblin.
The hobgoblin is heavily wounded.
You claw the hobgoblin!
You kill the hobgoblin!
A hobgoblin comes into view.
The goblin hits you with a +0 club. The bat barely misses you.
The hobgoblin shouts!
You claw the bat!
You kill the bat!
You feel better. The hobgoblin barely misses you.
The goblin hits you but does no damage.
You barely miss the hobgoblin. The rat misses you.
The goblin hits you but does no damage. The hobgoblin barely misses you.
The goblin attacks as you move away! The goblin barely misses you.
The hobgoblin attacks as you move away!
The hobgoblin hits you but does no damage.
The goblin attacks as you move away! The goblin hits you with a +0 club.
The rat closely misses you. The rat attacks as you move away!
The rat bites you but does no damage. The hobgoblin attacks as you move away!
The hobgoblin hits you but does no damage.
The hobgoblin attacks as you move away! The hobgoblin hits you.
You closely miss the hobgoblin. The hobgoblin hits you.
* * * LOW HITPOINT WARNING * * *
You closely miss the hobgoblin. The hobgoblin completely misses you.
You scratch the hobgoblin.
The hobgoblin is heavily wounded.
The hobgoblin hits you.
* * * LOW HITPOINT WARNING * * *
You completely miss the hobgoblin.
The hobgoblin is heavily wounded.
The hobgoblin hits you but does no damage.
You closely miss the hobgoblin.
The hobgoblin is heavily wounded.
The hobgoblin hits you.
You die...

#....## #.....# # #.....#.#
#######.....#.#
#...........#.### #
#######.......#####.#.# .#
...............#.. ..#.##.##
#.#######......#.#####......
...####.....#..#@#........#
.~..#.....#....#g#?.....####
.~....~..8#.#...g#..........
~~~..~...##...#.g..g.g.#.g..
~~~~~.....#.#.#.###......#.#
...~~~~.....#.#.#...†.......
.<..~~~~~...#.#.#..#.....#.#
...~~~~.....#.#.#..#........
~~~~~.....#.#.#.#..##.......


You could see 3 hobgoblins.

Vanquished Creatures
  A gnoll (D:1)
  A giant cockroach (D:1)
  A hobgoblin (D:1)
  2 quokkas (D:1)
  2 ball pythons (D:1)
  2 bats (D:1)
  A goblin (D:1)
10 creatures vanquished.

Notes
Turn   | Place    | Note
-------+----------+-------------------------------------------
     0 | D:1      | PentaManta the Ghoul Monk began the quest for the Orb.
     0 | D:1      | Reached XP level 1. HP: 19/19 MP: 0/0
   282 | D:1      | Found a faded altar of an unknown god.
   323 | D:1      | Reached skill level 4 in Unarmed Combat
   323 | D:1      | Reached XP level 2. HP: 11/26 MP: 1/1
   568 | D:1      | Slain by a hobgoblin

Illustrated notes

Levels and vault maps discovered:
D:1:      eino_arrival_water_star, layout_basic, basic_ecumenical_altar,
          serial_co_window_serial, co_window_paths_b, co_window_paths_a,
          co_window_corner_a, co_window_of_opportunity_a, co_window_paths_a,
          co_window_corner_a, co_window_cross_1, co_window_paths_b,
          co_window_paths_a, co_window_cross_4, co_window_corner_b,
          co_window_cross_4, glass_columns_a, glass_columns_a, glass_columns_a,
          glass_columns_b

Skill      XL: |  1 |
---------------+----+-----
Unarmed Combat | 4 |  4.4
Fighting       | |  3.2
Dodging        | |  2.6
Stealth        | |  2.1

Action                   || total
-------------------------++-------
Melee: Unarmed           ||    36
       Punch             ||     1
Armor: Robe              ||    14
Dodge: Dodged            ||    25

Table legend: (Time is in decaauts)
 A = Elapsed time spent in this place.
 B = Non-inter-level travel time spent in this place.
 C = Inter-level travel time spent in this place.
 D = Time resting spent in this place.
 E = Time spent auto-exploring this place.
 F = Levels seen in this place.
 G = Mean time per level.
                   A        B        C        D        E       F      G
               +--------+--------+--------+--------+--------+-----+--------+
         Total |    568 |    568 |      0 |    225 |    267 |   1 |  568.0 |
       Dungeon |    568 |    568 |      0 |    225 |    267 |   1 |  568.0 |
               +--------+--------+--------+--------+--------+-----+--------+

Top non-repeatable levels by time:
     D:1: 568 daAuts
